Map: Ley Lines

Players

SteelMakeR

  • Race: Terran Terran
  • League: Silver
  • Spawn Location: 1:00

llllllllllll - Winner!

  • Race: Protoss Protoss
  • League: Silver
  • Spawn Location: 7:00

VOD

Have the link to the VOD?

Description

Time

  • Played on: April 24, 2025, 9:16 a.m.
  • Length: 5:57
Show
View Real Time Build Order
Export as new Build Order

SteelMakeR Terran 

Build Orders: 2 Factory 

Get SALT Encoding   

  12  0:01  SCV  
  13  0:13  SCV  
  14  0:20  Supply Depot  
  14  0:28  SCV  
  15  0:43  Barracks  
  15  0:50  Supply Depot  
  15  0:53  SCV  
  16  1:01  Refinery  
  16  1:06  SCV  
  17  1:19  SCV  
  17  1:22  Refinery  
  18  1:32  Marine  
  19  1:39  Bunker  
  19  1:43  Orbital Command  
  19  1:52  Barracks Tech Lab  
  19  2:12  Concussive Shells, Marauder  
  21  2:17  Factory  
  21  2:18  SCV  
  22  2:35  Marine  
  23  2:41  Factory  
  23  2:46  SCV  
  24  3:01  SCV  
  24  3:02  Factory Tech Lab  
  24  3:04  Starport  
  25  3:08  Stimpack  
  25  3:14  Marauder  
  25  3:17  Bunker  
  27  3:21  SCV  
  28  3:29  Siege Tank  
  31  3:39  Supply Depot  
  31  4:01  Liberator  
  34  4:02  Supply Depot  
  34  4:11  Marauder  
  36  4:29  Cyclone  
  39  4:33  Marine  
  39  4:38  Barracks  
  40  4:39  Engineering Bay  
  40  4:44  Viking  
Show
View Real Time Build Order
Export as new Build Order

llllllllllll Protoss - Winner!

Build Orders:  

Get SALT Encoding   

  12  0:00  Probe  
  13  0:13  Probe  
  14  0:18  Pylon  
  14  0:25  Probe  
  15  0:36  Gateway  
  15  0:41  Assimilator  
  15  0:50  Pylon  
  15  1:09  Gateway  
  15  1:13  Gateway  
  15  1:27  Cybernetics Core  
  15  1:32  Probe  
  16  1:44  Probe  
  17  1:51  Stalker x2  
  21  2:17  Stalker x2  
  25  2:32  Probe  
  25  2:33  Assimilator  
  26  2:38  Warp Gate  
  26  2:40  Probe  
  26  2:42  Pylon  
  26  2:48  Probe  
  28  2:58  Probe  
  29  3:10  Probe  
  30  3:17  Stargate  
  30  3:23  Probe  
  30  3:24  Pylon  
  31  3:43  Shield Battery  
  31  3:45  Shield Battery  
  31  3:46  Shield Battery  
  31  3:54  Void Ray  
  35  4:10  Shield Battery  
  35  4:12  Shield Battery  
  35  4:29  Void Ray  
  35  4:34  Pylon  
  39  5:00  Pylon  
  39  5:05  Void Ray  
  41  5:26  Stalker x2  
  41  5:27  Stalker  
Tags
 
Matchup
PvT
Opening
2 Factory
Replay Pack
kreditionep1
Spawn Locations
Cross Positions
Add a new tag
Caveats
  • Supply blocks, unpowered buildings, or Contaminate may cause inaccurate times.
  • Supply counts are checked every 10 seconds.